[Event "*** MasterClass Titled Tuesday Blitz"]
[Site "Chess.com"]
[Date "2017.07.04"]
[Round "7"]
[White "GMKrikor"]
[Black "Blitzstream"]
[Result "1/2-1/2"]
[WhiteElo "2462"]
[BlackElo "2447"]
[TimeControl "180+2"]
[EndTime "14:38:35 PDT"]
[Termination "Game drawn by agreement"]

1. e4 e5 2. Nf3 Nf6 3. Nxe5 d5 4. exd5 Qxd5 5. d4 Nc6 6. Nc3 Bb4 7. Bd2 Qxd4 8. Nxc6 bxc6 9. Qe2+ Be6 10. O-O-O O-O 11. a3 Bd6 12. Be3 Qe5 13. Bd4 Qg5+ 14. Qd2 Bf4 15.
Be3 Bxe3 16. Qxe3 Qxe3+ 17. fxe3 Ng4 18. Re1 Rfe8 19. h3 Ne5 20. Be2 Bd5 21. Rhg1 Re7 22. Rd1 Bc4 23. Rd4 Bxe2 24. Nxe2 Ng6 25. Rgd1 h5 26.
Rd8+ Rxd8 27. Rxd8+ Kh7 28. Ra8 Rxe3 29. Kd2 Re5 30.
Rxa7 Rg5 31. a4 Rxg2 32. Ke3 Rh2 33. Rxc7 Rxh3+ 34. Kf2 Rh2+ 35. Ke3 Ne5 36. b3 Ng4+ 37. Kd3 Ne5+ 38. Kd2 Nf3+ 39. Ke3 Ne1 40. Rxc6 g5 41. a5 Ng2+ 42. Kd3 Ne1+ 43. Ke3 Ng2+ 44. Kd3 Ne1+ 45.
Kd2 Nf3+ 46. Ke3 Rxe2+ 47. Kxf3 Re7 48. a6 f5 49. b4 g4+ 50. Kg3 Re3+ 51. Kh4 g3 52. a7 Ra3 53. Kh3 Rxa7 54. Kxg3 Rg7+ 55. Kf4 Rg4+ 56. Kxf5 Rxb4 57. c4 Kg7 58. Rc7+ Kh6 59.
c5 h4 60. Rc6+ Kg7 61. Rc8 h3 62. Rc7+ Kh6 63. Rc6+ Kg7 64. Rg6+ Kh7 65. Rg3 Rh4 66. Rg1 h2 67. Rh1 Rh5+ 68. Kg4 Rxc5 1/2-1/2

[Event "*** MasterClass Titled Tuesday Blitz"]
[Site "Chess.com"]
[Date "2017.07.04"]
[Round "7"]
[White "JeffReinberg"]
[Black "Alexander_Donchenko"]
[Result "1/2-1/2"]
[WhiteElo "2519"]
[BlackElo "2574"]
[TimeControl "180+2"]
[EndTime "14:38:38 PDT"]
[Termination "Game drawn by stalemate"]

1. e4 c5 2. Nc3 a6 3. d3 b5 4. g3 Bb7 5. Bg2 e6 6. f4 b4 7. Nce2 d5 8. Nf3 dxe4 9. Ng5 Nf6 10. Nxe4 Nxe4 11. Bxe4 Bxe4 12. dxe4 Qxd1+ 13. Kxd1 Nc6 14. c3 O-O-O+ 15. Kc2 f5 16. e5 c4 17. Be3 Rd3 18.
Bf2 Be7 19. Rad1 Rhd8 20. Nc1 R3d5 21. Rxd5 Rxd5 22. Rd1 Ra5 23. cxb4 Nxb4+ 24. Kb1 Nd5 25. Ne2 Kb7 26. Rc1 Ra4 27. Nc3 Nxc3+ 28. Rxc3 g5 29. a3 g4 30. Rc2 Kc6 31. Be1 c3 32. Bxc3 Rc4 33. Bb4 Rxc2 34. Kxc2 Bd8 35. Kd3 Bb6 36.
Kc4 Bg1 37. Be1 h5 38. b4 Bxh2 39. a4 Bg1 40. b5+ axb5+ 41. axb5+ Kb6 42. Kb4 Be3 43. Kc4 h4 44. gxh4 Bxf4 45. h5 Bxe5 46. h6 g3 47. h7 f4 48. Bc3 Bxc3 49. Kxc3 g2 50. h8=Q g1=Q 51. Qb8+ Ka5 52. Qxf4 Qc5+ 53. Kd3 Qxb5+ 54. Ke4 Qd5+ 55. Ke3 Kb5 56. Qd4 Qb3+ 57. Ke4 Kc6 58. Ke5 Qd5+ 59. Qxd5+ exd5 60. Kd4 Kd6 61. Kd3 Ke5 62.
Ke3 d4+ 63. Kd3 Kd5 64. Kd2 Kc4 65. Kc2 d3+ 66. Kd2 Kd4 67. Kd1 Ke3 68. Ke1 Ke4 69. Kd2 Kd4 70. Kd1 Kd5 71. Kd2 Kc4 72. Kd1 Kc3 73. Kc1 d2+ 74. Kd1 Kd3 1/2-1/2

[Event "*** MasterClass Titled Tuesday Blitz"]
[Site "Chess.com"]
[Date "2017.07.04"]
[Round "7"]
[White "aspired"]
[Black "Zufi1811"]
[Result "1/2-1/2"]
[WhiteElo "2523"]
[BlackElo "2394"]
[TimeControl "180+2"]
[EndTime "14:38:47 PDT"]
[Termination "Game drawn - insufficient material"]

1. e4 c5 2. Nf3 d6 3. c3 Nf6 4. Bd3 g6 5. Bc2 Bg7 6. d4 O-O 7. dxc5 dxc5 8. Qxd8 Rxd8 9. Na3 Nc6 10. Bf4 Be6 11. O-O h6 12. Rfd1 a6 13. Be3 Nd7 14.
Bb3 Bxb3 15. axb3 Na5 16. Nd2 b5 17. Nc2 Nc6 18. Ra2 e6 19. Kf1 f5 20. Ke2 Kf7 21. f3 g5 22. Rda1 a5 23. Rd1 Bf8 24. Ne1 Nde5 25. Nb1 Rxd1 26. Kxd1 Rd8+ 27. Ke2 c4 28. Nd2 f4 29. Bg1 Rxd2+ 30. Kxd2 cxb3 31. Ra1 Nc4+ 32. Ke2 N6e5 33. Bd4 a4 34. Rb1 Nd7 35. Nd3 e5 36. Bf2 Ke6 37. g3 Kd6 38. h4 Kc6 39. hxg5 hxg5 40. gxf4 gxf4 41. Rg1 a3 42. bxa3 Bxa3 43.
Rb1 b2 44. Kd1 Ndb6 45. Bxb6 Kxb6 46. Kc2 Ka5 47. Rh1 Ka4 48. Rh8 Ne3+ 49. Kb1 Kb3 50. Nxe5 Nd1 51. Rc8 Nxc3+ 52. Rxc3+ Kxc3 53. Ng6 Kd3 54. Nxf4+ Ke3 55. Ng6 Kxf3 56. e5 Ke4 57. e6 Kd5 58. e7 Bxe7 59. Nxe7+ Kc4 60. Kxb2 b4 61. Nc6 b3 62. Na5+ Kd5 63. Nxb3 1/2-1/2

[Event "*** MasterClass Titled Tuesday Blitz"]
[Site "Chess.com"]
[Date "2017.07.04"]
[Round "7"]
[White "Hrant_ChessMood"]
[Black "Gabrielian_Artur"]
[Result "1/2-1/2"]
[WhiteElo "2735"]
[BlackElo "2562"]
[TimeControl "180+2"]
[EndTime "14:44:30 PDT"]
[Termination "Game drawn by 50-move rule"]

1. Nf3 c5 2. c4 Nc6 3. Nc3 e5 4. e3 Nf6 5. Be2 d5 6. d4 cxd4 7. exd4 exd4 8. Nxd4 Be7 9. Nxc6 bxc6 10. cxd5 cxd5 11. O-O O-O 12. Be3 Be6 13. Bd4 Qd7 14.
Bd3 Rfd8 15. Re1 Rab8 16. b3 Rb4 17. Ne2 a5 18. Rc1 a4 19. bxa4 Qxa4 20. Bc3 Qxd1 21. Rcxd1 Ra4 22. Bb1 Rc8 23. f3 Bc5+ 24. Bd4 Nd7 25.
Bxc5 Nxc5 26. Nd4 h6 27. Rd2 Rc4 28. Bc2 Kf8 29. Bb3 Rc3 30. Red1 Nxb3 31. axb3 Rc1 32. Kf2 Rxd1 33. Rxd1 Bd7 34. Ke3 Ke7 35. Kd2 Ra8 36.
Kc3 Kd6 37. Kb2 g5 38. Rd2 h5 39. Nc2 Be6 40. b4 h4 41. Nd4 Bd7 42. Nb3 Bb5 43.
Na5 f5 44. g3 hxg3 45. hxg3 Rh8 46. Nb3 Bc4 47. Nd4 f4 48. gxf4 gxf4 49. Rg2 Rh3 50.
Rg6+ Kd7 51. Kc3 Rh1 52. Rf6 Rc1+ 53. Kb2 Rd1 54. Rxf4 Rd3 55. Rh4 Kd6 56. Rh6+ Ke5 57. Nc6+ Kf4 58. Rf6+ Ke3 59. Re6+ Kd2 60. Na5 Rxf3 61.
Rd6 Rd3 62. Rc6 Rc3 63. b5 Rc2+ 64. Ka3 Bxb5 65. Rd6 Bc4 66. Kb4 Kd3 67. Rh6 Rb2+ 68. Ka3 Ra2+ 69. Kb4 Rb2+ 70. Ka3 Rb8 71. Rh3+ Kd2 72.
Rh2+ Kc3 73. Rh3+ Bd3 74. Rh7 d4 75. Rc7+ Kd2 76. Rd7 Ke3 77. Re7+ Be4 78. Nc6 Rc8 79. Nb4 d3 80. Nd5+ Kd4 81. Nb6 Rd8 82. Na4 d2 83.
Nb2 Bc2 84. Rb7 Kc3 85. Rc7+ Kd4 86. Rxc2 Ke3 87. Nd1+ Ke2 88. Nc3+ Ke1 89. Kb2 Rb8+ 90. Ka2 Rc8 91. Rxd2 Kxd2 92. Na4 Kc2 93. Ka3 Rb8 94.
Nc5 Kc3 95. Na4+ Kc2 96. Nc5 Rb5 97. Na4 Rb3+ 98. Ka2 Rh3 99. Nb2 Rh8 100. Na4 Rh3 101. Nb2 Rb3 102. Na4 Rb5 103. Ka3 Rb3+ 104. Ka2 Rd3 105. Nb2 Rd5 106. Na4 Rb5 107. Ka3 Rb7 108. Ka2 Rb3 109. Nc5 Rb4 110. Ka3 Rc4 111. Na4 Rh4 112. Nb6 Kc3 113. Na4+ Kc4 114. Nb2+ Kb5 115. Kb3 Rh3+ 116. Kc2 Kb4 117. Nd3+ Kc4 118. Nb2+ Kd4 119. Na4 Rg3 120. Nb2 Kc5 121. Nd3+ Kc4 122. Nb2+ Kd4 123. Na4 Ra3 124. Nb2 Ra8 125. Kb3 Rc8 126. Nd1 Rb8+ 127. Kc2 Rh8 128. Nb2 Rh3 129. Nd1 Rh2+ 130. Kb3 Rh3+ 131. Kc2 Rh1 132. Nb2 Ra1 133. Kb3 Rc1 134. Na4 Rc8 135. Nb2 Rc7 136. Nd1 Rb7+ 137. Kc2 Rc7+ 138. Kb3 Rc1 139. Nb2 Rb1 140. Kc2 Ra1 141. Kb3 Rc1 142. Na4 Rc7 143. Nb2 1/2-1/2

[Event "*** MasterClass Titled Tuesday Blitz"]
[Site "Chess.com"]
[Date "2017.07.04"]
[Round "8"]
[White "spirals5"]
[Black "TregubovP"]
[Result "0-1"]
[WhiteElo "2388"]
[BlackElo "2435"]
[TimeControl "180+2"]
[EndTime "14:48:35 PDT"]
[Termination "TregubovP won by resignation"]

1. e4 c5 2. Nc3 e6 3. g3 d5 4. Bg2 Nf6 5. exd5 exd5 6. d3 d4 7. Ne4 Nxe4 8. Bxe4 Nd7 9. Bg2 Nf6 10.
Ne2 Bd6 11. O-O O-O 12. Bf4 Re8 13. Bxd6 Qxd6 14. h3 Bd7 15. Nf4 Bc6 16. Re1 h6 17. h4 Rac8 18. Bxc6 Qxc6 19. Qd2 Ng4 20. Rxe8+ Rxe8 21. Re1 Ne5 22. Rxe5 Rxe5 23. c4 Qf3 24. Nd5 Re2 0-1

[Event "*** MasterClass Titled Tuesday Blitz"]
[Site "Chess.com"]
[Date "2017.07.04"]
[Round "8"]
[White "blitzcopter"]
[Black "peteseeger"]
[Result "1/2-1/2"]
[WhiteElo "2049"]
[BlackElo "2153"]
[TimeControl "180+2"]
[EndTime "14:49:01 PDT"]
[Termination "Game drawn by repetition"]

1. e4 g6 2. d4 Bg7 3. Nc3 c6 4. Be3 d5 5. Qd2 dxe4 6. Nxe4 Nd7 7. Nf3 Ngf6 8. Nxf6+ Nxf6 9. Bd3 O-O 10. Bh6 Bxh6 11. Qxh6 Qa5+ 12. c3 Bf5 13. Qg5 h6 14. Qd2 Bxd3 15.
Qxd3 Qf5 16. Qxf5 gxf5 17. Ne5 Rfd8 18. f3 e6 19. Kf2 Nd7 20. Nc4 Nb6 21. Ne5 Nd7 22. Nc4 Nb6 23. Ne5 Nd7 1/2-1/2

[Event "*** MasterClass Titled Tuesday Blitz"]
[Site "Chess.com"]
[Date "2017.07.04"]
[Round "8"]
[White "kleinebeer98"]
[Black "DrVelja"]
[Result "1/2-1/2"]
[WhiteElo "2450"]
[BlackElo "2554"]
[TimeControl "180+2"]
[EndTime "14:49:16 PDT"]
[Termination "Game drawn by agreement"]

1. e4 c5 2. Nf3 e6 3. d4 cxd4 4. Nxd4 Nf6 5. Nc3 d6 6. Bd3 Be7 7. O-O a6 8. Kh1 b5 9. a3 Bb7 10. f4 Nbd7 11. b4 Rc8 12. Bb2 Rxc3 13. Bxc3 Nxe4 14.
Bb2 O-O 15. Qe1 d5 16. Bxe4 dxe4 17. Rd1 Qc7 18. Qd2 Nb6 19. Ba1 Nc4 20. Qe2 Bf6 21.
Nxb5 axb5 22. Bxf6 gxf6 23. Qg4+ Kh8 24. Qh4 Qe7 25. Rd7 Qxd7 26. Qxf6+ Kg8 27. Qg5+ 1/2-1/2

[Event "*** MasterClass Titled Tuesday Blitz"]
[Site "Chess.com"]
[Date "2017.07.04"]
[Round "8"]
[White "Hrant_ChessMood"]
[Black "cstefan"]
[Result "0-1"]
[WhiteElo "2720"]
[BlackElo "2351"]
[TimeControl "180+2"]
[EndTime "14:49:49 PDT"]
[Termination "cstefan won by resignation"]

1. e4 d5 2. exd5 Qxd5 3. d4 Nc6 4. Nf3 Bg4 5. Be2 O-O-O 6. c3 e5 7. Nxe5 Bxe2 8.
Qxe2 Nxe5 9. dxe5 Qxg2 10. Rf1 Ne7 11. Nd2 Nc6 12. Nf3 Qh3 13. Bd2 Qe6 14. Ng5 Qd5 15.
O-O-O Qxa2 16. Bf4 Qa1+ 17. Kc2 Qa4+ 18. Kb1 Rxd1+ 19.
Rxd1 Qxf4 20. Qd3 Be7 21. Qh3+ Kb8 22. Nf3 Qe4+ 23. Ka1 Qa4+ 0-1

[Event "*** MasterClass Titled Tuesday Blitz"]
[Site "Chess.com"]
[Date "2017.07.04"]
[Round "8"]
[White "Alexander_Donchenko"]
[Black "SuperCheese"]
[Result "1/2-1/2"]
[WhiteElo "2571"]
[BlackElo "2428"]
[TimeControl "180+2"]
[EndTime "14:50:24 PDT"]
[Termination "Game drawn by repetition"]

1. d4 Nf6 2. c4 e6 3. g3 d5 4. Bg2 dxc4 5. Nf3 Nc6 6. Qa4 Nd5 7. Qxc4 Nb6 8. Qb5 Bb4+ 9. Nc3 O-O 10. O-O a6 11. Qd3 Bd6 12. Rd1 Qe7 13. Bg5 f6 14.
Be3 Nb4 15. Qb1 Bd7 16. a3 N4d5 17. Bd2 Nxc3 18. bxc3 Bb5 19. e4 e5 20. a4 Bd7 21.
a5 Nc4 22. Bc1 b5 23. axb6 cxb6 24. Bf1 b5 25. Bxc4+ bxc4 26. dxe5 Bxe5 27. Nxe5 fxe5 28. Ba3 Qe6 29. Bxf8 Rxf8 30. Qb7 Qf6 31. Rd2 Bb5 32. Qd5+ Kh8 33. Qd6 Qf3 34. Qxe5 h5 35. Rd5 Qxf2+ 36. Kh1 Qf3+ 37. Kg1 Qf2+ 38. Kh1 Qf3+ 39. Kg1 Qf2+ 40. Kh1 1/2-1/2

[Event "*** MasterClass Titled Tuesday Blitz"]
[Site "Chess.com"]
[Date "2017.07.04"]
[Round "8"]
[White "abubakrtagelsir"]
[Black "GM_dmitrij"]
[Result "0-1"]
[WhiteElo "2176"]
[BlackElo "2485"]
[TimeControl "180+2"]
[EndTime "14:51:10 PDT"]
[Termination "GM_dmitrij won by resignation"]

1. e4 e5 2. Nf3 Nc6 3. d4 exd4 4. Bc4 Nf6 5. e5 d5 6. Bb5 Ne4 7. Nxd4 Bc5 8. Be3 O-O 9. Nxc6 bxc6 10. Bxc5 Nxc5 11.
Bxc6 Rb8 12. Qxd5 Qe7 13. O-O Rxb2 14. Qd4 Rxc2 15. Nc3 Rd8 16. Nd5 Qf8 17. Rfc1 Ne6 18. Qa4 Rd2 19. Ne3 Nd4 20. Re1 Qc5 21. Be4 Qxe5 22.
Nc4 Ne2+ 23. Kf1 Qxe4 24. Rad1 Bh3 25. Ne3 Qxa4 0-1

[Event "*** MasterClass Titled Tuesday Blitz"]
[Site "Chess.com"]
[Date "2017.07.04"]
[Round "8"]
[White "Al_Shima"]
[Black "Rokis13"]
[Result "1/2-1/2"]
[WhiteElo "2352"]
[BlackElo "2340"]
[TimeControl "180+2"]
[EndTime "14:51:13 PDT"]
[Termination "Game drawn by repetition"]

1. b3 e5 2. Bb2 Nc6 3. e3 g6 4. Bb5 Bg7 5. Nf3 d6 6. d4 e4 7. Nfd2 f5 8. c4 Ne7 9. Nc3 O-O 10. Bxc6 bxc6 11. f4 exf3 12. Qxf3 Rb8 13. O-O-O a5 14. h4 h6 15. Qe2 d5 16. Qd3 Be6 17. Na4 f4 18. e4 dxe4 19. Qxe4 Qd6 20. Nc5 Bf5 21. Qe2 Rbe8 22. Nde4 Bxe4 23. Nxe4 Nf5 24.
Qf3 Qe6 25. Nc5 Qe3+ 26. Qxe3 Nxe3 27. Rd2 a4 28. Nxa4 g5 29. hxg5 hxg5 30. Nc5 g4 31.
Nd3 f3 32. gxf3 gxf3 33. Nf2 Ng2 34. Kd1 Ne3+ 35. Kc1 Ng2 36. Kd1 Ne3+ 37. Kc1 Ng2 1/2-1/2

[Event "*** MasterClass Titled Tuesday Blitz"]
[Site "Chess.com"]
[Date "2017.07.04"]
[Round "8"]
[White "KNVB"]
[Black "MITerryble"]
[Result "0-1"]
[WhiteElo "2485"]
[BlackElo "2655"]
[TimeControl "180+2"]
[EndTime "14:51:35 PDT"]
[Termination "MITerryble won on time"]

1. d4 e6 2. Bf4 b6 3. e3 Bb7 4. Nf3 Nf6 5. h3 g6 6. c3 Bg7 7. a4 a6 8. Bd3 O-O 9. Nbd2 d6 10.
O-O Nbd7 11. Bh2 Qe7 12. Qc2 Rfd8 13. Rfe1 e5 14. dxe5 dxe5 15. Ne4 Ne8 16. Ned2 Nc5 17. Be2 e4 18. Nd4 Nd3 19. Rf1 c5 20. N4b3 Qe6 21.
Rad1 Rd7 22. Nb1 Rad8 23. N3d2 c4 24. b3 b5 25. axb5 axb5 26. Na3 Ba6 27. bxc4 bxc4 28. Qa4 Nb2 29. Qc2 Nxd1 30. Rxd1 Bf8 31. Naxc4 Bxc4 32. Bxc4 Qxc4 0-1

[Event "*** MasterClass Titled Tuesday Blitz"]
[Site "Chess.com"]
[Date "2017.07.04"]
[Round "8"]
[White "Indianlad"]
[Black "scrapnel"]
[Result "1-0"]
[WhiteElo "2522"]
[BlackElo "2531"]
[TimeControl "180+2"]
[EndTime "14:51:35 PDT"]
[Termination "Indianlad won by resignation"]

1. Nf3 d5 2. g3 c6 3. Bg2 Bg4 4. c4 e6 5. cxd5 exd5 6. Qb3 Qb6 7.
Qc2 Nf6 8. O-O Na6 9. d3 Be7 10. Nc3 O-O 11. a3 Nc5 12. b4 Ne6 13. Be3 d4 14. Na4 Qd8 15. Bd2 Nd5 16. Rab1 Rc8 17. Nc5 Qb6 18. Rfc1 Bf6 19. Nd7 Qd8 20. Nxf8 Qxf8 21.
h3 Bh5 22. b5 c5 23. Qb3 Nc3 24. Bxc3 dxc3 25. e3 c4 26. dxc4 Nc5 27. Qa2 Bg6 28.
Nd4 Bxb1 29. Qxb1 Qd8 30. Bd5 Qa5 31. Qb4 Qxb4 32. axb4 Nd3 33. Rxc3 Nxb4 34. Bxb7 Rc5 35. Be4 g6 36. Kf1 Na2 37. Ra3 Nb4 38. Rxa7 Rxc4 39.
b6 1-0

[Event "*** MasterClass Titled Tuesday Blitz"]
[Site "Chess.com"]
[Date "2017.07.04"]
[Round "8"]
[White "IamSchrodingersCat"]
[Black "rasmussvane"]
[Result "0-1"]
[WhiteElo "2432"]
[BlackElo "2536"]
[TimeControl "180+2"]
[EndTime "14:51:44 PDT"]
[Termination "rasmussvane won on time"]

1. e4 c6 2. Nc3 d5 3. Nf3 Nf6 4. e5 Ne4 5. d4 Nxc3 6. bxc3 c5 7. Bd3 c4 8. Be2 Nc6 9. h3 e6 10. Bg5 Be7 11. Bxe7 Qxe7 12. O-O O-O 13. Qd2 Bd7 14. Nh2 b5 15. a3 a5 16. f4 Rab8 17. Ng4 b4 18.
axb4 axb4 19. cxb4 Qxb4 20. c3 Qb2 21. Qe3 Rb3 22.
Rac1 Ne7 23. f5 Nxf5 24. Qg5 h6 25. Qh5 Qd2 0-1

[Event "*** MasterClass Titled Tuesday Blitz"]
[Site "Chess.com"]
[Date "2017.07.04"]
[Round "8"]
[White "Elshan1985"]
[Black "Witik"]
[Result "0-1"]
[WhiteElo "2635"]
[BlackElo "2564"]
[TimeControl "180+2"]
[EndTime "14:51:53 PDT"]
[Termination "Witik won by resignation"]

1. e4 c6 2. d4 d5 3. Nc3 dxe4 4. Nxe4 Bf5 5. Nc5 b6 6. Nb3 e6 7. Nf3 Bd6 8. g3 Qc7 9. Bg2 Ne7 10. O-O Nd7 11.
Qe2 O-O 12. Nh4 Rac8 13. Nxf5 Nxf5 14. c3 c5 15. dxc5 Nxc5 16. Bd2 h6 17. Rfd1 Rfd8 18.
Nxc5 Bxc5 19. Be1 a5 20. Rxd8+ Rxd8 21. Rd1 Rd6 22. Rd2 Qd8 23. Rxd6 Qxd6 24. Qd2 Kf8 25. Qxd6+ Nxd6 26. Kf1 Ke7 27. Ke2 b5 28. b4 Bb6 29. Bc6 a4 30. Bd2 g5 31. h4 f6 32.
hxg5 hxg5 33. Be3 Bxe3 34. Kxe3 e5 35. Kd3 f5 36. Bd5 g4 37. c4 bxc4+ 38. Bxc4 a3 39. Bd5 Kd8 40. Kc3 Kc7 41. Kb3 f4 42. Kxa3 Nf5 43.
Be6 Nxg3 44. fxg3 e4 45. Kb3 fxg3 0-1

[Event "*** MasterClass Titled Tuesday Blitz"]
[Site "Chess.com"]
[Date "2017.07.04"]
[Round "8"]
[White "Divertissement"]
[Black "AdrianaNikolova"]
[Result "1-0"]
[WhiteElo "2415"]
[BlackElo "2308"]
[TimeControl "180+2"]
[EndTime "14:51:56 PDT"]
[Termination "Divertissement won by checkmate"]

1. d4 d5 2. Nf3 Nf6 3. Bf4 c5 4. e3 Nc6 5. Nc3 cxd4 6. exd4 a6 7. h3 Bf5 8. Be2 e6 9. O-O Bb4 10. Na4 b5 11. Nc3 Bxc3 12. bxc3 O-O 13. Bd3 Ne4 14. Bd2 Na5 15. a4 Nc4 16. axb5 axb5 17. Rb1 Qa5 18.
Bxc4 bxc4 19. Qe1 Qa2 20. Rc1 Qb2 21. Nh4 Ra3 22. f3 Nxc3 23. Nxf5 exf5 24. Qe5 Na2 25. Rb1 Qxc2 26. Rb8 Ra8 27. Rxa8 Rxa8 28. Qxd5 Rf8 29.
Bg5 Nb4 30. Qd6 Nd3 31. Ra1 Qf2+ 32. Kh1 Ne1 33. Qxf8+ Kxf8 34. Ra8# 1-0

[Event "*** MasterClass Titled Tuesday Blitz"]
[Site "Chess.com"]
[Date "2017.07.04"]
[Round "8"]
[White "escher"]
[Black "stuffings101"]
[Result "1-0"]
[WhiteElo "2053"]
[BlackElo "2190"]
[TimeControl "180+2"]
[EndTime "14:51:56 PDT"]
[Termination "escher won on time"]

1. e4 d6 2. d4 Nf6 3. Nc3 g6 4. f4 Bg7 5. Nf3 O-O 6. Bd3 Na6 7. a3 c5 8. Be3 Bg4 9. h3 Bxf3 10. Qxf3 cxd4 11.
Bxd4 Nc5 12. Bxc5 dxc5 13. O-O-O Qc8 14. e5 Nd7 15. g4 e6 16. h4 a6 17. h5 Rd8 18. hxg6 hxg6 19. Qh3 c4 20. Qh7+ Kf8 21. Bxg6 fxg6 22. Qxg6 Nc5 23. Rdf1 Qc7 24. f5 1-0

[Event "*** MasterClass Titled Tuesday Blitz"]
[Site "Chess.com"]
[Date "2017.07.04"]
[Round "8"]
[White "ruvat"]
[Black "ehrenfeld"]
[Result "0-1"]
[WhiteElo "2271"]
[BlackElo "2399"]
[TimeControl "180+2"]
[EndTime "14:52:01 PDT"]
[Termination "ehrenfeld won by resignation"]

1. d4 Nf6 2. c4 e6 3. g3 Bb4+ 4. Bd2 a5 5. Nf3 d6 6. Bg2 Nbd7 7. O-O e5 8. Nc3 O-O 9. Qc2 Re8 10. e4 exd4 11. Nxd4 Ne5 12. b3 Bc5 13. Nce2 Bg4 14.
h3 Bd7 15. a3 Nc6 16. Bc3 Qe7 17. f3 Nh5 18. Kh2 Nxg3 19. Kxg3 Bxd4 20. Nxd4 Qe5+ 21. f4 Nxd4 22. Qd3 Ne2+ 23. Qxe2 Qxc3+ 24. Kh2 Bc6 25. Rg1 f5 26. Rac1 Qf6 27. e5 dxe5 28. Bxc6 bxc6 29. Qg2 exf4 30. Rcf1 Re4 0-1

[Event "*** MasterClass Titled Tuesday Blitz"]
[Site "Chess.com"]
[Date "2017.07.04"]
[Round "8"]
[White "1e41-0"]
[Black "playablecharacter"]
[Result "0-1"]
[WhiteElo "2283"]
[BlackElo "2033"]
[TimeControl "180+2"]
[EndTime "14:52:14 PDT"]
[Termination "playablecharacter won by resignation"]

1. d4 f5 2. Nc3 Nf6 3. Bg5 e6 4. e4 fxe4 5. Nxe4 Be7 6. Bxf6 Bxf6 7. Bd3 Bxd4 8. Nh3 Bxb2 9. Rb1 Bf6 10. Neg5 Qe7 11.
O-O g6 12. Ne4 Nc6 13. Qf3 O-O 14. Qg3 Be5 15. f4 Bd4+ 16. Kh1 d5 17. Neg5 Bf6 18.
Rbe1 Qg7 19. c4 Nd4 20. Nf2 Bd7 21. Ng4 Rae8 22. h4 h5 23. Nh2 dxc4 24. Bxc4 Nf5 25. Qb3 Bxg5 26. hxg5 Kh7 27. Nf3 Ng3+ 28. Kh2 Nxf1+ 29.
Rxf1 Bc6 30. Ne5 Bd5 31. Bxd5 exd5 32. Qxd5 Rxe5 33. Qxb7 Ref5 34. g3 h4 35. gxh4 Rxf4 36. Rc1 Rf2+ 37. Kh1 Rf1+ 38. Rxf1 Rxf1+ 39. Kg2 Qf7 40. Qe4 Qf2+ 41. Kh3 Qf3+ 42. Qxf3 Rxf3+ 43. Kg2 Ra3 44. Kh2 Rxa2+ 45. Kg3 Ra3+ 46. Kg4 Rd3 47. h5 gxh5+ 48.
Kxh5 Kg7 49. g6 Rd6 0-1

[Event "*** MasterClass Titled Tuesday Blitz"]
[Site "Chess.com"]
[Date "2017.07.04"]
[Round "8"]
[White "FairChess_on_YouTube"]
[Black "SergeiAza"]
[Result "1/2-1/2"]
[WhiteElo "2711"]
[BlackElo "2722"]
[TimeControl "180+2"]
[EndTime "14:52:18 PDT"]
[Termination "Game drawn by repetition"]

1. d4 d5 2. c4 e6 3. Nc3 Be7 4. Nf3 Nf6 5. e3 O-O 6. b3 c5 7.
Bb2 cxd4 8. Nxd4 Nc6 9. Be2 Nxd4 10. Qxd4 dxc4 11. Qxc4 Bd7 12. O-O Rc8 13. Qd4 Bc6 14.
Qxa7 Qd2 15. Rab1 Ne4 16. Rfd1 Qc2 17. Rdc1 Qd2 18. Qd4 Bf6 19. Qxd2 Nxd2 20. Ra1 Rfd8 21. f3 Nxb3 22. axb3 Rd2 23. Rab1 Bxc3 24. Bxc3 Rxe2 25. e4 f6 26. Bb4 Ra8 27. Re1 Rc2 28. Rec1 Re2 29. Re1 Rc2 30. Rec1 Re2 31. Re1 1/2-1/2

[Event "*** MasterClass Titled Tuesday Blitz"]
[Site "Chess.com"]
[Date "2017.07.04"]
[Round "8"]
[White "Iball95"]
[Black "dhanushbharadwaj"]
[Result "1-0"]
[WhiteElo "2526"]
[BlackElo "2355"]
[TimeControl "180+2"]
[EndTime "14:52:23 PDT"]
[Termination "Iball95 won by resignation"]

1. d4 g6 2. e4 Bg7 3. Nc3 c6 4. Nf3 d6 5. Be2 Bg4 6. O-O Bxf3 7. Bxf3 Nd7 8. a4 e5 9. d5 cxd5 10. Nxd5 Ngf6 11. Bg5 O-O 12. Bg4 Nc5 13. Re1 h6 14. Nxf6+ Bxf6 15. Bxh6 Bg7 16. Bc1 Qe7 17. Qd5 Rfd8 18. b3 Nd7 19. Bxd7 Rxd7 20. Ba3 Rc8 21. c4 Bf8 22. Rad1 Qe6 23. Re3 Qxd5 24. Rxd5 b6 25.
Red3 Rcd8 26. f3 Kg7 27. Kf2 Be7 28. Ke2 f5 29. Bb2 Kf6 30. Bxe5+ Ke6 31. Bg3 fxe4 32. fxe4 Bf6 33. Kf3 Bg7 34. e5 dxe5 35. Rxd7 Rxd7 36. Rxd7 Kxd7 37. Ke4 Ke6 38. Bf2 Bf8 39. a5 bxa5 40. Bxa7 Be7 41. Bb6 Bb4 42. Bc7 Bc3 43. h3 g5 44. g3 a4 45. bxa4 1-0

[Event "*** MasterClass Titled Tuesday Blitz"]
[Site "Chess.com"]
[Date "2017.07.04"]
[Round "8"]
[White "Msb2"]
[Black "gena217"]
[Result "0-1"]
[WhiteElo "2555"]
[BlackElo "2719"]
[TimeControl "180+2"]
[EndTime "14:52:26 PDT"]
[Termination "gena217 won by resignation"]

1. d4 Nf6 2. c4 e6 3. g3 d5 4.
Bg2 dxc4 5. Nf3 Nc6 6. Qa4 Bb4+ 7. Bd2 Nd5 8. Bxb4 Nxb4 9. O-O a6 10. Ne5 O-O 11.
Nxc6 Nxc6 12. Bxc6 bxc6 13. Qxc4 Rb8 14. b3 Qd6 15.
Nc3 Rb4 16. Ne4 Qxd4 17. Qxd4 Rxd4 18. f3 e5 19. Rac1 f5 20. Nc5 Rd2 21. Kf2 Rxa2 22.
Rfd1 f4 23. g4 h5 24. h3 Kh7 25. Ne4 Kg8 26. Rxc6 Bb7 27. Rc4 Bxe4 28. Rxe4 hxg4 29. hxg4 Re8 30. Rd7 Rc2 31. Rb4 Re6 32. Ke1 Rh6 33.
Kd1 Ra2 34. Kc1 Rh1+ 0-1

[Event "*** MasterClass Titled Tuesday Blitz"]
[Site "Chess.com"]
[Date "2017.07.04"]
[Round "8"]
[White "Colombiano07"]
[Black "FearlessKing64"]
[Result "1-0"]
[WhiteElo "2319"]
[BlackElo "2183"]
[TimeControl "180+2"]
[EndTime "14:52:28 PDT"]
[Termination "Colombiano07 won by resignation"]

1. d4 Nf6 2. Bf4 d5 3. Nd2 e6 4. e3 Bd6 5. Ngf3 c5 6. Bxd6 Qxd6 7. c3 Nc6 8. Bb5 Bd7 9. Bxc6 Bxc6 10. Ne5 Nd7 11. f4 g6 12. Ndf3 f6 13. Nxd7 Bxd7 14. O-O O-O 15. Qb3 c4 16. Qc2 Rae8 17. e4 dxe4 18.
Qxe4 Bc6 19. Qe2 b5 20. a3 Qd5 21. Rae1 a6 22. Qf2 Qh5 23. Qg3 Bxf3 24. Rxf3 Rf7 25. Rfe3 Rfe7 26. Kf2 Kf7 27. h3 Qf5 28. Qf3 Qd5 29. g4 Qxf3+ 30. Kxf3 h6 31. R1e2 f5 32. Re5 Kf6 33. Kg3 Kf7 34. h4 fxg4 35. h5 Kf6 36. Kxg4 Rg7 37. hxg6 Rxg6+ 38. Kh5 Kf7 39. f5 Rg5+ 40. Kxh6 Rxf5 41. Rxf5+ exf5 42. Rxe8 Kxe8 43. Kg5 Ke7 44. Kxf5 Kd6 45. Ke4 Ke6 46. d5+ Kd6 47.
Kd4 a5 48. Ke4 b4 49. Kd4 bxc3 50. bxc3 1-0

[Event "*** MasterClass Titled Tuesday Blitz"]
[Site "Chess.com"]
[Date "2017.07.04"]
[Round "8"]
[White "fidetrainerNET"]
[Black "angieflynn"]
[Result "1-0"]
[WhiteElo "2077"]
[BlackElo "1755"]
[TimeControl "180+2"]
[EndTime "14:52:30 PDT"]
[Termination "fidetrainerNET won by resignation"]

1. e4 e6 2. Nf3 d5 3. Nc3 d4 4.
Ne2 c5 5. c3 Nc6 6. cxd4 cxd4 7. Qa4 e5 8. Nxe5 Bd7 9. Nxd7 Qxd7 10. d3 Bb4+ 11. Bd2 Bxd2+ 12. Kxd2 Nf6 13. h3 O-O 14. f4 a6 15. g4 b5 16. Qa3 Nxg4 17.
hxg4 Qxg4 18. Bh3 Qf3 19. Bd7 Qe3+ 20. Kd1 b4 21. Qb3 Na7 22. Rh3 Qf2 23. Kd2 Rfd8 24. Ba4 Rac8 25. Rah1 h6 26. R1h2 Qf1 27. Qxb4 Qb1 28.
Rg3 Nb5 29. Rhg2 g6 30. Rg1 Qxa2 31. Rxg6+ Kh7 32. Rg7+ Kh8 33. Bxb5 axb5 34. Nxd4 Rc4 35. Rg8+ Rxg8 36. Rxg8+ Kxg8 37. dxc4 bxc4 38. Nf5 Qb1 39. Nxh6+ Kg7 40. Nf5+ Kg6 41. Qb6+ Kh5 42. Kc3 Qd3+ 43. Kb4 Qb3+ 44. Kc5 Qf3 45. Kxc4 Qe2+ 46. Kc5 Qf2+ 47.
Kc6 Qxf4 48. Kd7 Qxe4 49. Ng3+ 1-0